 Dungeon Crawl Stone Soup version 0.27-a0-705-ga0013940fb (webtiles) character file.

Game seed: 54113995917585802

10020 robertstho the Envoy of Void (level 11, -7/84 HPs)
             Began as a Demonspawn Abyssal Knight on Mar 22, 2021.
             Was a High Priest of Lugonu.
             Mangled by a cane toad (18 damage)
             ... on level 1 of the Lair of Beasts.
             The game lasted 00:19:32 (15352 turns).

robertstho the Envoy of Void (DsAK)                Turns: 15352, Time: 00:19:33

Health: -7/84      AC: 17    Str: 15    XL:     11   Next: 30%
Magic:  18/18      EV:  6    Int: 14    God:    Lugonu [*****.]
Gold:   232        SH:  5    Dex: 25    Spells: 10/10 levels left

rFire    . . .     SeeInvis .   H - +5 great sword
rCold    . . .     Faith    .   (shield currently unavailable)
rNeg     . . .     Spirit   .   k - +0 plate armour
rPois    .         Reflect  +   (helmet unavailable)
rElec    .         Harm     .   (no cloak)
rCorr    .         Rampage  .   n - +0 pair of gloves
Will     .....                  (no boots)
Stlth    ..........             f - amulet of reflection
HPRegen  0.24/turn              i - +6 ring of dexterity
MPRegen  0.32/turn              G - +6 ring of dexterity

@: lethally poisoned (-7 -> -52), about to teleport, marked
A: horns 3, slimy green scales 1, magic regeneration
a: Renounce Religion, Depart the Abyss, Bend Space, Banish, Corrupt, Enter the
Abyss


You were on level 1 of the Lair of Beasts.
You worshipped Lugonu.
Lugonu was extremely pleased with you.
You visited 2 branches of the dungeon, and saw 12 of its levels.
You visited the Abyss 1 time.

You collected 781 gold pieces.
You spent 549 gold pieces at shops.

Inventory:

Hand Weapons
 d - a +2 dagger of venom
 y - a +1 short sword of draining
 C - a +1 short sword of protection
 H - a +5 great sword (weapon)
Armour
 k - a +0 plate armour (worn)
 n - a +0 pair of gloves (worn)
 q - a +0 kite shield
Jewellery
 f - an amulet of reflection (around neck)
 i - a +6 ring of dexterity (right hand)
 r - a ring of protection from fire
 B - an amulet of the acrobat
 D - a ring of magical power
 G - a +6 ring of dexterity (left hand)
Wands
 j - a wand of digging (2)
 v - a wand of paralysis (7)
Scrolls
 b - 2 scrolls of fog
 h - a scroll of immolation
 m - a scroll of fear
 o - 7 scrolls of enchant armour
 p - 4 scrolls of enchant weapon
 t - 2 scrolls of silence
 u - a scroll of blinking
 K - a scroll of identify
 L - a scroll of brand weapon
Potions
 a - a potion of resistance
 e - 2 potions of ambrosia
 s - 4 potions of curing
 w - a potion of magic
 z - 2 potions of flight
 A - a potion of mutation
 I - 3 potions of lignification


   Skills:
 * Level 7.5 Fighting
 + Level 6.6(6.7) Short Blades
 + Level 0.9(4.2) Long Blades
 + Level 2.0 Axes
 * Level 9.1 Armour
 + Level 1.9 Dodging
 + Level 0.7 Stealth
 + Level 7.2 Shields
 * Level 9.8 Invocations


You had 10 spell levels left.
You didn't know any spells.
Your spell library contained the following spells:

 Spells                   Type           Power      Damage    Failure   Level
 Sandblast                Erth           0%         2d4       100%        1
 Passwall                 Tmut/Erth      0%         N/A       100%        2
 Stone Arrow              Conj/Erth      0%         3d7       100%        3
 Petrify                  Tmut/Erth      0%         N/A       100%        4
 Lee's Rapid Deconstruct  Erth           0%         3d5*      100%        5


Dungeon Overview and Level Annotations

Branches:
Dungeon (11/15)            Temple (0/1) D:5            Lair (1/6) D:9
    Orc (0/2) D:11

Altars:
Ashenzari
Cheibriados
Elyvilon
Hepliaklqana
Kikubaaqudgha
Makhleb
Nemelex Xobeh
Qazlal
Ru
Sif Muna
Trog
Uskayaw
Wu Jian
Beogh

Shops:
D:9 =   D:10 ?   D:11 *

Annotations:
D:11 2 transporters


Innate Abilities, Weirdness & Mutations

You have a pair of large horns on your head.
You are partially covered in slimy green scales. (AC +2)
You regenerate magic rapidly.


Message History

You are more poisoned.
The cane toad poisons you!
You closely miss the cane toad.
You headbutt the cane toad, but do no damage.
The cane toad is lightly wounded.
You feel very sick.
The cane toad stings you but does no damage.
You slash the cane toad!
The cane toad is heavily wounded.
You feel very sick. You block the cane toad's attack.
A seven-headed hydra comes into view.
You block the cane toad's attack.
Your plate armour prevents you from hitting the cane toad.
You headbutt the cane toad!
The cane toad is severely wounded.
You feel very sick.
A cane toad comes into view.
The cane toad stings you!
You are more poisoned.
The cane toad poisons you! The cane toad stings you.
The cane toad moves out of view.
You feel very sick.
You feel very sick. You block the cane toad's attack.
You feel very sick. You block the cane toad's attack.
As you read the scroll of teleportation, it crumbles to dust.
You feel strangely unstable.
You feel very sick.
An elephant comes into view.
The cane toad stings you!
* * * LOW HITPOINT WARNING * * *
You are more poisoned.
The cane toad poisons you! The cane toad stings you.
* * * LOW HITPOINT WARNING * * *
* * * LOW HITPOINT WARNING * * *
You feel very sick. The cane toad stings you!!
You die...

.........#
.........##
..........#
#.........##
...........#
.........#.##
.#.......#..###
#.......#.#..##
.##.#######@F.#
## ##F## ##D##
# #..## # ##..#
##### ##.#
#.... ##Y
....### .. ## #
.##


You could see a seven-headed hydra, an elephant and 2 cane toads.

Vanquished Creatures
  A two-headed ogre (D:9)
  An unseen horror (D:11)
  A gargoyle (D:10)
  2 komodo dragons
  A troll (D:9)
  Grinder (D:4)
  Prince Ribbit (D:7)
  8 yaks (D:9)
  2 basilisks (D:11)
  3 water moccasins
  3 ice beasts
  2 sky beasts
  4 black bears
  3 orc warriors
  A necrophage (D:6)
  3 centaurs
  5 ogres
  2 wolves (D:9)
  4 phantoms
  Blork the orc (D:5)
  2 kobold brigands (D:9)
  8 bullfrogs
  A wyvern skeleton (D:9)
  4 scorpions
  5 wights (D:10)
  4 howler monkeys
  4 electric eels (D:9)
  2 quasits
  A bullfrog zombie (D:2)
  2 centaur zombies
  6 orc priests
  A centaur skeleton (D:6)
  4 jellies
  3 bullfrog skeletons
  14 hounds
  Jessica (D:2)
  4 iguanas
  14 orc wizards
  4 worker ants
  A hound zombie (D:11)
  2 hound skeletons
  A worker ant zombie (D:8)
  A howler monkey zombie (D:5)
  4 gnolls (D:9)
  15 adders
  3 shadow imps
  2 white imps
  6 ufetubi
  2 adder zombies
  A worm (D:2)
  3 dart slugs
  45 orcs
  3 giant cockroaches
  7 goblins
  13 hobgoblins
  6 jackals
  9 oozes
  10 quokkas
  12 ball pythons
  11 bats
  2 frilled lizards
  14 kobolds
  2 quokka skeletons
  A quokka zombie (D:10)
  5 rats
314 creatures vanquished.

Vanquished Creatures (others)
  An orc wizard (D:8)
  An adder (D:9)
  A fungus (Lair:1)
  A plant (Lair:1)
4 creatures vanquished.

Grand Total: 318 creatures vanquished

Notes
Turn   | Place    | Note
-------+----------+-------------------------------------------
     0 | Abyss:1  | robertstho the Demonspawn Abyssal Knight began the quest
                  | for the Orb.
     0 | Abyss:1  | Reached XP level 1. HP: 18/18 MP: 2/2
    42 | Abyss:1  | Noticed a starcursed mass
    43 | D:1      | Escaped the Abyss
   382 | D:1      | Gained mutation: You have a pair of small horns on your
                  | head. [demonic ancestry]
   382 | D:1      | Reached XP level 2. HP: 21/24 MP: 4/4
   507 | D:1      | Reached * piety under Lugonu
   543 | D:1      | Reached skill level 1 in Dodging
   848 | D:1      | Reached XP level 3. HP: 12/29 MP: 5/5
  1714 | D:2      | Reached ** piety under Lugonu
  1780 | D:2      | Noticed Jessica
  1792 | D:2      | Reached skill level 1 in Short Blades
  1792 | D:2      | Reached XP level 4. HP: 19/37 MP: 6/6
  1793 | D:2      | Killed Jessica
  2015 | D:2      | Found a bloodstained altar of Trog.
  2509 | D:2      | Gained mutation: You are partially covered in slimy green
                  | scales. (AC +2) [demonic ancestry]
  2509 | D:2      | Reached XP level 5. HP: 40/42 MP: 7/7
  2919 | D:3      | Reached *** piety under Lugonu
  3073 | D:3      | Found an ornate altar of the Wu Jian Council.
  3188 | D:3      | Noticed a phantom
  3214 | D:3      | Killed a phantom
  3215 | D:3      | Reached XP level 6. HP: 40/48 MP: 9/9
  3585 | D:3      | Noticed an orc warrior
  3604 | D:3      | Killed an orc warrior
  4180 | D:4      | Noticed Grinder
  4189 | D:4      | Paralysed by Grinder for 6 turns
  4199 | D:4      | Paralysed by Grinder for 2 turns
  4209 | D:4      | Killed Grinder
  4210 | D:4      | Reached skill level 1 in Shields
  4210 | D:4      | Reached skill level 5 in Invocations
  4210 | D:4      | Gained mutation: You have a pair of horns on your head.
                  | [demonic ancestry]
  4210 | D:4      | Reached XP level 7. HP: 44/55 MP: 10/10
  4306 | D:4      | Found a sparkling altar of Nemelex Xobeh.
  4500 | D:4      | Found a hazy altar of Hepliaklqana.
  5051 | D:5      | Entered Level 5 of the Dungeon
  5061 | D:5      | Noticed Blork the orc
  5069 | D:5      | Killed Blork the orc
  5081 | D:5      | Reached skill level 5 in Armour
  5081 | D:5      | Reached XP level 8. HP: 57/61 MP: 10/12
  5494 | D:5      | Reached **** piety under Lugonu
  5528 | D:5      | Reached skill level 5 in Fighting
  5617 | D:5      | Found a staircase to the Ecumenical Temple.
  5713 | D:5      | Found a stormy altar of Qazlal.
  7032 | D:6      | Gained mutation: You regenerate magic rapidly. [demonic
                  | ancestry]
  7032 | D:6      | Reached XP level 9. HP: 59/68 MP: 13/13
  7397 | D:7      | Reached ***** piety under Lugonu
  7728 | D:7      | Noticed Prince Ribbit
  7739 | D:7      | Killed Prince Ribbit
  8071 | D:7      | Found an ancient bone altar of Kikubaaqudgha.
  8390 | D:7      | Found a sacrificial altar of Ru.
  8464 | D:7      | Found a shimmering blue altar of Sif Muna.
  8791 | D:8      | Reached skill level 5 in Short Blades
  8849 | D:8      | Reached skill level 5 in Shields
  9666 | D:8      | Found a burning altar of Makhleb.
  9968 | D:9      | Reached XP level 10. HP: 76/76 MP: 15/15
  9985 | D:9      | Found a staircase to the Lair.
 11528 | D:9      | Found a broken altar of Ashenzari.
 11875 | D:9      | Found Sazon's Jewellery Shoppe.
 12081 | D:9      | Found a hide-covered altar of Uskayaw.
 12203 | D:9      | Noticed a two-headed ogre
 12222 | D:9      | Killed a two-headed ogre
 12496 | D:9      | Found a burning altar of Makhleb.
 12537 | D:10     | Entered Level 10 of the Dungeon
 12670 | D:10     | Noticed a gargoyle
 12703 | D:10     | Killed a gargoyle
 12704 | D:10     | Gained mutation: You have a pair of large horns on your
                  | head. [demonic ancestry]
 12704 | D:10     | Reached XP level 11. HP: 33/84 MP: 17/17
 13399 | D:10     | Found Donn's Magic Scroll Shoppe.
 13403 | D:10     | Bought a scroll of identify for 22 gold pieces
 13403 | D:10     | Bought a scroll of identify for 22 gold pieces
 13403 | D:10     | Bought a scroll of brand weapon for 220 gold pieces
 13403 | D:10     | Bought a scroll of torment for 82 gold pieces
 13403 | D:10     | Bought 3 scrolls of identify for 66 gold pieces
 13403 | D:10     | Bought a scroll of identify for 22 gold pieces
 13403 | D:10     | Bought a scroll of enchant weapon for 82 gold pieces
 13403 | D:10     | Bought a scroll of teleportation for 33 gold pieces
 13840 | D:11     | Found a staircase to the Orcish Mines.
 13882 | D:11     | Killed an unseen horror
 14241 | D:11     | Noticed a six-headed hydra
 14243 | D:11     | Noticed a white ugly thing
 14501 | D:11     | Found a transporter.
 14502 | D:11     | Noticed a brown ugly thing
 14507 | D:11     | Found a transporter.
 14567 | D:11     | Found Veul Yne's Pet Rocks.
 14686 | Lair:1   | Entered Level 1 of the Lair of Beasts
 14982 | Lair:1   | Found a snail-covered altar of Cheibriados.
 15346 | Lair:1   | Noticed a seven-headed hydra
 15352 | Lair:1   | Mangled by a cane toad

Illustrated notes

Levels and vault maps discovered:
D:1:      ncdulo_smallfort, layout_rooms, corexii_hall_statues_l
D:2:      layout_basic, old_standard_altar, st_stairs_14, uniq_jessica
D:3:      minmay_chambers_of_twos, layout_loops_ring,
          nicolae_overflow_crystal_walls, serial_rivers,
          chequers_serial_rivers_small_b, chequers_serial_rivers_room_a,
          chequers_serial_rivers_micro_a, chequers_serial_rivers_room_b,
          minmay_bisected, uniq_natasha, uniq_crazy_yiuf_cottage
D:4:      layout_loops_corners, nzn_hepliaklqana_mist_gate, kennysheep_mini,
          serial_glass, glass_columns_c, glass_columns_c, glass_columns_b,
          glass_columns_b, glass_columns_c, glass_columns_c,
          corexii_checkpoint_b, kennysheep_generic_room_3, uniq_grinder
D:5:      layout_loops_corners, minmay_temple_entry_sparse_star, basic_altar,
          grunt_decor_fettered, uniq_blork_the_orc
D:6:      layout_cave_pools
D:7:      layout_basic, marbit_many_paths, nicolae_sif_muna_little_library,
          nicolae_ru_the_path_less_chosen, uniq_prince_ribbit1
D:8:      layout_rooms, gammafunk_temple_overflow_wave
D:9:      layout_loops_corners, nicolae_uskayaw_dance_studio, ashenzari_altar_1,
          erik_lair_island, serial_shops, shop, makhleb_heckhound_becter
D:10:     layout_basic, serial_shops, nicolae_shop_stone,
          kennysheep_generic_room_13
D:11:     layout_loops_ring, minmay_orc_entry_temple_small,
          portal_ice_cave_entry_ice_beasts, gammafunk_ghost_abyssal_escape,
          guppyfry_shop_earth
Lair:1:   layout_cave_pods, amcnicky_altar_gilded, serial_bayou_shore_b,
          lemuel_fruit_tree

Skill      XL: |  1  2  3  4  5  6  7  8  9 10 11 |
---------------+----------------------------------+-----
Axes           | 2 |  2.0
Armour         | 2 3 4 5 7 8 9 |  9.1
Dodging        | 1 |  1.9
Invocations    | 3 4 5 6 7 9 |  9.8
Short Blades   | 1 2 3 4 5 6 |  6.6
Fighting       | 4 5 6 7 |  7.5
Shields        | 1 2 4 5 6 7 |  7.2
Long Blades    | |  0.9
Stealth        | |  0.7

Action                   |  1- 3 |  4- 6 |  7- 9 | 10-12 || total
-------------------------+-------+-------+-------+-------++-------
Melee: Dagger            |   109 |   199 |   523 |   404 ||  1235
       Hand axe          |     8 |       |       |       ||     8
       Headbutt          |    19 |    39 |   133 |   199 ||   390
       Short sword       |       |       |       |    75 ||    75
       Great sword       |       |       |       |    23 ||    23
Invok: Depart the Abyss  |     1 |       |       |       ||     1
       Banish            |       |       |       |     4 ||     4
Evoke: Wand              |       |       |       |     1 ||     1
  Use: Scroll            |     1 |       |    11 |    13 ||    25
       Potion            |       |     1 |       |     6 ||     7
 Stab: Paralysed         |       |       |       |     2 ||     2
Armor: Leather armour    |     9 |       |       |       ||     9
       Scale mail        |    39 |     1 |       |       ||    40
       Plate armour      |       |   103 |   255 |   261 ||   619
Dodge: Dodged            |    63 |    23 |    50 |    47 ||   183
Block: Other             |    18 |    15 |       |    12 ||    45
       Kite shield       |       |    52 |   370 |   338 ||   760
       Reflection        |       |       |     7 |     6 ||    13

Table legend: (Time is in decaauts)
 A = Elapsed time spent in this place.
 B = Non-inter-level travel time spent in this place.
 C = Inter-level travel time spent in this place.
 D = Time resting spent in this place.
 E = Time spent auto-exploring this place.
 F = Levels seen in this place.
 G = Mean time per level.
                   A        B        C        D        E       F      G
               +--------+--------+--------+--------+--------+-----+--------+
         Total |  15312 |  15025 |    287 |   1753 |  10797 |  13 | 1177.8 |
       Dungeon |  14595 |  14308 |    287 |   1753 |  10126 |  11 | 1326.8 |
          Lair |    673 |    673 |      0 |      0 |    629 |   1 |  673.0 |
         Abyss |     43 |     43 |      0 |      0 |     42 |   1 |   43.0 |
               +--------+--------+--------+--------+--------+-----+--------+

Top non-repeatable levels by time:
     D:9: 2465 daAuts
     D:8: 1463 daAuts
     D:5: 1418 daAuts
     D:1: 1414 daAuts
     D:3: 1363 daAuts
    D:10: 1290 daAuts
     D:6: 1162 daAuts
     D:4: 1124 daAuts
     D:2: 1103 daAuts
     D:7: 978 daAuts
    D:11: 812 daAuts
  Lair:1: 673 daAuts
 Abyss:1: 43 daAuts
